 Dungeon Crawl Stone Soup version 0.28-a0-384-g9e0c098162 (webtiles) character file.

Game seed: 12071415013888738883

251 zezblit the Chiller (level 5, -2/36 HPs)
             Began as a Demonspawn Ice Elementalist on Sept 2, 2021.
             Slain by a phantom (5 damage)
             ... on level 4 of the Dungeon.
             The game lasted 00:24:16 (3932 turns).

zezblit the Chiller (Demonspawn Ice Elementalist)   Turns: 3932, Time: 00:24:17

Health: -2/36      AC:  5    Str: 10    XL:     5   Next: 88%
Magic:  8/10       EV: 10    Int: 16    God:
Gold:   184        SH:  0    Dex: 13    Spells: 4/11 levels left

rFire   . . .      SeeInvis +   m - +1 short sword (venom)
rCold   . . .      Faith    .   (no shield)
rNeg    . . .      Spirit   .   g - +0 ring mail
rPois   .          Reflect  .   w - +0 mask of the Dragon {Will+ Slay+3 SInv}
rElec   .          Harm     .   (no cloak)
rCorr   .          Rampage  .   (no gloves)
Will    +....                   (no boots)
Stlth   +.........              (no amulet)
HPRegen 0.12/turn               (no ring)
MPRegen 0.12/turn               (no ring)

@: no status effects
A: claws 1, hooves 1
a: no special abilities


You were on level 4 of the Dungeon.
You visited 1 branch of the dungeon, and saw 5 of its levels.

You collected 184 gold pieces.

Inventory:

Hand Weapons
 b - a +0 dagger
 c - a +0 short sword
 m - a +1 short sword of venom (weapon)
 t - a +0 demon trident
Armour
 a - a +0 robe
 g - a +0 ring mail (worn)
 o - a +0 scale mail
 u - a +0 buckler
 w - the +0 mask of the Dragon (worn) {Will+ Slay+3 SInv}
   (You found it on level 4 of the Dungeon)

   Slay:      It affects your accuracy & damage with ranged weapons and melee
   (+3).
   SInv:      It lets you see invisible.
   Will:      It increases your willpower.
Magical Staves
 d - a staff of cold
 e - a staff of earth
Scrolls
 f - a scroll of magic mapping {unknown}
 h - a scroll of teleportation
 k - a scroll of amnesia {unknown}
 q - a scroll of enchant weapon {unknown}
 r - 2 scrolls of blinking {unknown}
 s - 2 scrolls of identify {unknown}
Potions
 j - a potion of degeneration {unknown}
 l - a potion of heal wounds {unknown}
 n - a potion of brilliance {unknown}
 p - a potion of ambrosia {unknown}
 v - a potion of attraction {unknown}


   Skills:
 + Level 0.6 Fighting
 + Level 0.9 Short Blades
 + Level 1.6 Armour
 - Level 1.7 Dodging
 - Level 1.7 Stealth
 + Level 3.7 Spellcasting
 + Level 5.0 Ice Magic


You had 4 spell levels left.
You knew the following spells:

 Your Spells              Type           Power      Damage    Failure   Level
a - Freeze                Ice            76%        1d9       5%          1
b - Frozen Ramparts       Ice            38%        1d5       16%         3
c - Ozocubu's Armour      Ice            19%        N/A       16%         3

Your spell library contained the following spells:

 Spells                   Type           Power      Damage    Failure   Level
 Hailstorm                Conj/Ice       11%        3d5       83%         4


Dungeon Overview and Level Annotations

Branches:
Dungeon (5/15)
 Temple: D:4-7

Altars:
Makhleb
Yredelemnul
Zin


Innate Abilities, Weirdness & Mutations

You have sharp fingernails.
You have large cloven feet.


Message History

The wall freezes the phantom but does no damage.
The phantom hits you.
The phantom blinks!
You blink.
The frozen ramparts melt away as you move.
You closely miss the phantom. The phantom misses you.
You miss the phantom. You kick the phantom.
The phantom is lightly damaged.
The phantom hits you!
You closely miss the phantom.
The phantom is lightly damaged.
The phantom hits you.
The phantom blinks!
You blink.
You puncture the phantom! You kick the phantom.
The phantom is heavily damaged.
The phantom barely misses you.
You puncture the phantom! You kick the phantom.
The phantom is severely damaged.
The phantom hits you.
* * * LOW HITPOINT WARNING * * *
The phantom blinks!
You blink.
Splash!
You fall into the shallow water.
Moving in this stuff is going to be slow.
You closely miss the phantom.
The phantom is severely damaged.
The phantom hits you.
* * * LOW HITPOINT WARNING * * *
The phantom blinks!
You blink.
You feel better. The phantom barely misses you.
You barely miss the phantom.
The phantom is severely damaged.
The phantom hits you.
* * * LOW HITPOINT WARNING * * *
You closely miss the phantom. Your kick misses the phantom.
The phantom is severely damaged.
The phantom hits you.
* * * LOW HITPOINT WARNING * * *
The phantom blinks!
You blink.
You completely miss the phantom.
The phantom is severely damaged.
The phantom hits you.
You die...

........###.## #..≈≈........###.#
........###..###.≈.)≈.......###.#
.............##≈≈≈..≈..≈≈...≈##.#
........####.#≈≈≈..≈§.≈..≈..≈≈#.#
........# #.#≈≈...≈§⌠≈..≈..≈≈#.#
.##...### #W#≈≈..≈..≈⌠.≈...≈≈#.#
.##...# #.#≈≈..≈..≈..≈..≈≈≈#.#
.##...# #.##W...≈≈..≈..≈≈≈##.#
......# #..##@......≈..≈.##..#
.##...# #..##........≈≈..##.##
.####.# #...#............#..# .#
#.# #.#................## .####.#
#............§####.# ......#
#############.#.## #.#
......####...........§.#..###.#
...........#############..##..#
....<###############..........#


You could see a phantom.

Vanquished Creatures
  A black bear (D:4)
  A jelly (D:4)
  An iguana (D:4)
  Terence (D:2)
  2 adders
  A worm (D:4)
  2 dart slugs (D:2)
  5 endoplasms
  4 giant cockroaches
  5 goblins
  6 hobgoblins
  4 quokkas
  3 ball pythons
  3 bats
  3 frilled lizards
  5 kobolds
  5 rats
52 creatures vanquished.

Vanquished Creatures (others)
  A plant (D:2)
1 creature vanquished.

Grand Total: 53 creatures vanquished

Notes
Turn   | Place    | Note
-------+----------+-------------------------------------------
     0 | D:1      | zezblit the Demonspawn Ice Elementalist began the quest for
                  | the Orb.
     0 | D:1      | Reached XP level 1. HP: 13/13 MP: 3/3
   284 | D:1      | Reached skill level 4 in Ice Magic
   284 | D:1      | Gained mutation: You have sharp fingernails. [demonic
                  | ancestry]
   284 | D:1      | Reached XP level 2. HP: 19/19 MP: 3/5
  1278 | D:2      | You fall into a shaft and drop 1 floor!
  1308 | D:3      | Gained mutation: You have large cloven feet. [demonic
                  | ancestry]
  1308 | D:3      | Reached XP level 3. HP: 15/24 MP: 1/6
  1489 | D:2      | Noticed Terence
  1493 | D:2      | Killed Terence
  1900 | D:2      | Found a faded altar of an unknown god.
  1908 | D:2      | Reached XP level 4. HP: 30/30 MP: 6/8
  1912 | D:2      | Learned a level 3 spell: Frozen Ramparts
  1916 | D:2      | Learned a level 3 spell: Ozocubu's Armour
  3154 | D:4      | Found a basalt altar of Yredelemnul.
  3242 | D:4      | Noticed a black bear
  3252 | D:4      | Killed a black bear
  3253 | D:4      | Reached skill level 1 in Armour
  3253 | D:4      | Reached XP level 5. HP: 27/36 MP: 5/10
  3344 | D:5      | Entered Level 5 of the Dungeon
  3381 | D:4      | Noticed a phantom
  3636 | D:4      | Reached skill level 5 in Ice Magic
  3774 | D:4      | Found a burning altar of Makhleb.
  3774 | D:4      | Found the +0 mask of the Dragon {Will+ Slay+3 SInv}
  3932 | D:4      | Slain by a phantom

Illustrated notes

Levels and vault maps discovered:
D:1:      dpeg_arrival_houses_and_road, layout_basic
D:2:      layout_basic, shapermc_ecumenical_altar_acropolis, dk_noncrumbling_3,
          kennysheep_path_1, uniq_terence
D:3:      layout_loops_ring, lemuel_coloured_pillars_altar
D:4:      cheibrodos_helix_gallery, layout_basic,
          mainiacjoe_overflow_small_starburst, mainiacjoe_overflow_swirl
D:5:      layout_basic, mainiacjoe_overflow_alcove_2,
          mainiacjoe_overflow_alcove_4, minivault_23, st_stairs_10

Skill      XL: |  1  2  3  4  5 |
---------------+----------------+-----
Ice Magic      | 4 5 |  5.0
Spellcasting   | 3 |  3.7
Armour         | 1 |  1.6
Fighting       | |  0.6
Short Blades   | |  0.9
Dodging        | |  1.7
Stealth        | |  1.7

Action                   |  1- 3 |  4- 6 || total
-------------------------+-------+-------++-------
Melee: Short sword       |    22 |    51 ||    73
       Dagger            |     1 |       ||     1
       Unarmed           |     1 |       ||     1
       Staff             |     4 |       ||     4
       Kick              |       |     9 ||     9
 Cast: Freeze            |    42 |    19 ||    61
       Frozen Ramparts   |       |     2 ||     2
  Use: Potion            |       |     2 ||     2
       Scroll            |       |     1 ||     1
 Stab: Sleeping          |       |     1 ||     1
Armor: Robe              |     7 |       ||     7
       Ring mail         |     1 |    17 ||    18
Dodge: Dodged            |    36 |    26 ||    62

Table legend: (Time is in decaauts)
 A = Elapsed time spent in this place.
 B = Non-inter-level travel time spent in this place.
 C = Inter-level travel time spent in this place.
 D = Time resting spent in this place.
 E = Time spent auto-exploring this place.
 F = Levels seen in this place.
 G = Mean time per level.
                   A        B        C        D        E       F      G
               +--------+--------+--------+--------+--------+-----+--------+
         Total |   3949 |   3849 |    100 |    840 |   2214 |   5 |  789.8 |
       Dungeon |   3949 |   3849 |    100 |    840 |   2214 |   5 |  789.8 |
               +--------+--------+--------+--------+--------+-----+--------+

Top non-repeatable levels by time:
     D:2: 1292 daAuts
     D:3: 1116 daAuts
     D:1: 859 daAuts
     D:4: 677 daAuts
     D:5: 4 daAuts
